TOP OF THE 1ST |
Memphis Blues batting - Pitching for Wichita Wranglers : LHP Jesús Martínez
|
Pitching: LHP Jesús Martínez
|
|
Batting: RHB Jorge Fuentes
|
0-0: Called Strike 0-1: Ball 1-1: Called Strike 1-2: DOUBLE (Line Drive, 7LS)
|
Batting: RHB Sadao Kato
|
0-0: Ball 1-0: Ball 2-0: Fly out, F7 (Line Drive, 7S)
|
Batting: RHB Peyton Pennington
|
0-0: Called Strike Jorge Fuentes steals 3rd base 0-1: Ball 1-1: Fly out, F8 (Flyball, 8RM) Runner from 3rd tags up, SCORES, no throw
|
Batting: RHB Dave O'Neill
|
0-0: Ball 1-0: Ball 2-0: Swinging Strike 2-1: Swinging Strike 2-2: Ball 3-2: Strikes out swinging
|
Top of the 1st over - 1 run(s), 1 hit(s), 0 error(s), 0 left on base; Memphis 1 - Wichita 0 |
BOTTOM OF THE 1ST |
Wichita Wranglers batting - Pitching for Memphis Blues : RHP Kunihiko Daikawa
|
Pitching: RHP Kunihiko Daikawa
|
|
Batting: RHB Cho-yun Qiao
|
0-0: Ball 1-0: Ball 2-0: Ball 3-0: Foul Ball, location: 2F 3-1: Base on Balls
|
Batting: RHB Anthony Rucker
|
0-0: Ball 1-0: Ball 2-0: Ball 3-0: Base on Balls Cho-yun Qiao to second
|
Batting: LHB Tom Robinson
|
0-0: Ball 1-0: Called Strike 1-1: Swinging Strike 1-2: Ball 2-2: Ball 3-2: Ground out 2-3 (Groundball, 23) Cho-yun Qiao to third Anthony Rucker to second
|
Batting: RHB Bob Hall
|
0-0: Called Strike 0-1: Foul Ball, location: 2F 0-2: Strikes out swinging
|
Batting: RHB George Clark
|
0-0: Called Strike 0-1: Ball 1-1: Foul Ball, location: 2F 1-2: Ground out 4-3 (Groundball, 4M)
|
Bottom of the 1st over - 0 run(s), 0 hit(s), 0 error(s), 2 left on base; Memphis 1 - Wichita 0 |
TOP OF THE 2ND |
Memphis Blues batting - Pitching for Wichita Wranglers : LHP Jesús Martínez
|
Batting: RHB John Phillips
|
0-0: Ball 1-0: Ball 2-0: Ball 3-0: Called Strike 3-1: Base on Balls
|
Batting: LHB Félix García
|
0-0: Fly out, F9 (Flyball, 9M)
|
Batting: RHB Raúl Perales
|
0-0: Called Strike 0-1: Foul Ball, location: 2F 0-2: Ball 1-2: Foul Ball, location: 2F 1-2: Ball 2-2: Ball 3-2: Grounds into double play, 6-4-3 (Groundball, 6)
|
Top of the 2nd over - 0 run(s), 0 hit(s), 0 error(s), 0 left on base; Memphis 1 - Wichita 0 |
BOTTOM OF THE 2ND |
Wichita Wranglers batting - Pitching for Memphis Blues : RHP Kunihiko Daikawa
|
Batting: RHB Kyle Nelson
|
0-0: Ground out 5-3 (Groundball, 5)
|
Batting: RHB Javier Coronado
|
0-0: Called Strike 0-1: Foul Ball, location: 2F 0-2: Ball 1-2: Ball 2-2: Foul Ball, location: 2F 2-2: Ball 3-2: Ground out 4-3 (Groundball, 4M)
|
Batting: LHB Mario Cornelo
|
0-0: Foul Ball, location: 2F 0-1: Swinging Strike 0-2: Ball 1-2: Ball 2-2: Strikes out looking
|
Bottom of the 2nd over - 0 run(s), 0 hit(s), 0 error(s), 0 left on base; Memphis 1 - Wichita 0 |
TOP OF THE 3RD |
Memphis Blues batting - Pitching for Wichita Wranglers : LHP Jesús Martínez
|
Batting: LHB Kieran Farris
|
0-0: Swinging Strike 0-1: Swinging Strike 0-2: Strikes out swinging
|
Batting: RHB Dale O'Feennaghty
|
0-0: Fly out, F7 (Flyball, 7D)
|
Batting: RHB Jorge Fuentes
|
0-0: Swinging Strike 0-1: Ball 1-1: Foul Ball, location: 2F 1-2: DOUBLE (Flyball, 89XD)
|
Batting: RHB Sadao Kato
|
0-0: Ground out 1-3 (Groundball, 13)
|
Top of the 3rd over - 0 run(s), 1 hit(s), 0 error(s), 1 left on base; Memphis 1 - Wichita 0 |
BOTTOM OF THE 3RD |
Wichita Wranglers batting - Pitching for Memphis Blues : RHP Kunihiko Daikawa
|
Batting: RHB Jim Beck
|
0-0: Called Strike 0-1: SINGLE (Groundball, 25) (infield hit)
|
Batting: RHB Cho-yun Qiao
|
0-0: Called Strike 0-1: Grounds into double play, 4-6-3 (Groundball, 4)
|
Batting: RHB Anthony Rucker
|
0-0: Ball 1-0: Called Strike 1-1: Called Strike 1-2: Strikes out swinging
|
Bottom of the 3rd over - 0 run(s), 1 hit(s), 0 error(s), 0 left on base; Memphis 1 - Wichita 0 |
TOP OF THE 4TH |
Memphis Blues batting - Pitching for Wichita Wranglers : LHP Jesús Martínez
|
Batting: RHB Peyton Pennington
|
0-0: SINGLE (Line Drive, 89S)
|
Batting: RHB Dave O'Neill
|
0-0: Called Strike 0-1: Ball 1-1: Ball 2-1: Ball 3-1: Foul Ball, location: 2F 3-2: Fly out, F8 (Flyball, 8RM)
|
Batting: RHB John Phillips
|
0-0: Ball 1-0: Called Strike 1-1: Ball 2-1: SINGLE (Flyball, 89S) Peyton Pennington to second Runner from 2nd tries for 3rd, SAFE, no throw or cutoff
|
Batting: LHB Félix García
|
0-0: Swinging Strike 0-1: Fielders Choice at 2nd, 4-6 (Groundball, 4) Peyton Pennington scores
|
Batting: RHB Raúl Perales
|
0-0: Called Strike 0-1: Called Strike 0-2: Ball 1-2: Ball 2-2: Foul Ball, location: 2F 2-2: Ball 3-2: Foul Ball, location: 2F 3-2: Foul Ball, location: 2F 3-2: Base on Balls Félix García to second
|
Batting: LHB Kieran Farris
|
0-0: Fielders Choice at 2nd, U6 (Groundball, 6M)
|
Top of the 4th over - 1 run(s), 2 hit(s), 0 error(s), 2 left on base; Memphis 2 - Wichita 0 |
BOTTOM OF THE 4TH |
Wichita Wranglers batting - Pitching for Memphis Blues : RHP Kunihiko Daikawa
|
Batting: LHB Tom Robinson
|
0-0: SINGLE (Groundball, 4MD)
|
Batting: RHB Bob Hall
|
0-0: Ball 1-0: Ball 2-0: Ball 3-0: Called Strike 3-1: Reached on error, E5 (Groundball, 5S) Tom Robinson to second
|
Batting: RHB George Clark
|
0-0: Ball 1-0: Ball 2-0: Swinging Strike 2-1: Ball 3-1: Base on Balls Tom Robinson to third Bob Hall to second
|
Batting: RHB Kyle Nelson
|
0-0: Ball 1-0: Ball 2-0: Foul Ball, location: 2F 2-1: Ball 3-1: Base on Balls Tom Robinson scores Bob Hall to third George Clark to second
|
Batting: RHB Javier Coronado
|
0-0: SINGLE (Line Drive, 6D) Bob Hall scores George Clark to third Kyle Nelson to second
|
Batting: LHB Mario Cornelo
|
0-0: Called Strike 0-1: Foul Ball, location: 2F 0-2: Foul Ball, location: 2F 0-2: Foul Ball, location: 2F 0-2: Foul Ball, location: 2F 0-2: Ball 1-2: Ball Wild Pitch! George Clark scores Kyle Nelson to third Javier Coronado to second 2-2: Foul Ball, location: 2F 2-2: Ground out 3-1 (Groundball, 34) Kyle Nelson scores Javier Coronado to third
|
Batting: RHB Jim Beck
|
0-0: Ball 1-0: Ball 2-0: Ball 3-0: Base on Balls
|
Batting: RHB Cho-yun Qiao
|
0-0: Called Strike Jim Beck steals 2nd base 0-1: Swinging Strike 0-2: Strikes out swinging
|
Batting: RHB Anthony Rucker
|
0-0: Ball 1-0: Swinging Strike 1-1: Ground out 5-3 (Groundball, 5S)
|
Bottom of the 4th over - 4 run(s), 2 hit(s), 1 error(s), 2 left on base; Memphis 2 - Wichita 4 |
TOP OF THE 5TH |
Memphis Blues batting - Pitching for Wichita Wranglers : LHP Jesús Martínez
|
Batting: RHB Dale O'Feennaghty
|
0-0: Ball 1-0: Swinging Strike 1-1: Fly out, F2 (Popup, 3SF)
|
Batting: RHB Jorge Fuentes
|
0-0: Ball 1-0: Foul Ball, location: 2F 1-1: Ball 2-1: Ball 3-1: Base on Balls
|
Batting: RHB Sadao Kato
|
0-0: Called Strike 0-1: Ball 1-1: Ball 2-1: SINGLE (Groundball, 6M) Jorge Fuentes to second
|
Batting: RHB Peyton Pennington
|
0-0: Foul Ball, location: 2F 0-1: Ball Jorge Fuentes steals 3rd base Sadao Kato to second 1-1: Swinging Strike 1-2: SINGLE (Groundball, 5) Jorge Fuentes scores Sadao Kato to third Runner from 3rd tries for Home, SAFE, throw made home Peyton Pennington to second
|
Batting: RHB Dave O'Neill
|
0-0: Intentional Walk
|
Batting: RHB John Phillips
|
0-0: Ground out 5-3 (Groundball, 56S) Peyton Pennington to third Dave O'Neill to second
|
Batting: LHB Félix García
|
0-0: Ball 1-0: Foul Ball, location: 2F 1-1: Foul Ball, location: 2F 1-2: SINGLE (Line Drive, 8RS) Peyton Pennington scores Dave O'Neill to third Runner from 3rd tries for Home, SAFE, no throw or cutoff
|
Batting: RHB Raúl Perales
|
0-0: Called Strike Félix García steals 2nd base 0-1: SINGLE (Line Drive, 78S) Félix García to third Runner from 3rd tries for Home, SAFE, no throw or cutoff
|
Batting: LHB Kieran Farris
|
0-0: Ball Raúl Perales is caught stealing 2nd base
|
Top of the 5th over - 5 run(s), 4 hit(s), 0 error(s), 0 left on base; Memphis 7 - Wichita 4 |
BOTTOM OF THE 5TH |
Wichita Wranglers batting - Pitching for Memphis Blues : RHP Kunihiko Daikawa
|
Batting: LHB Tom Robinson
|
0-0: Swinging Strike 0-1: Ball 1-1: Ball 2-1: Called Strike 2-2: Ball 3-2: Foul Ball, location: 2F 3-2: Reached on error, E4 (Groundball, 4)
|
Pitching: RHP Jack Taylor
|
|
Batting: RHB Bob Hall
|
0-0: Called Strike 0-1: Foul Ball, location: 2F 0-2: Ball 1-2: Ball 2-2: Foul Ball, location: 2F 2-2: Strikes out swinging
|
Batting: RHB George Clark
|
0-0: Called Strike 0-1: Fly out, F8 (Flyball, 8LM)
|
Batting: RHB Kyle Nelson
|
0-0: Ball 1-0: Called Strike 1-1: Swinging Strike 1-2: Strikes out swinging
|
Bottom of the 5th over - 0 run(s), 0 hit(s), 1 error(s), 1 left on base; Memphis 7 - Wichita 4 |
TOP OF THE 6TH |
Memphis Blues batting - Pitching for Wichita Wranglers : LHP Jesús Martínez
|
Pitching: LHP Tommy Campbell
|
|
Batting: LHB Kieran Farris
|
0-0: Ball 1-0: Ball 2-0: Ball 3-0: Called Strike 3-1: Base on Balls
|
Batting: RHB Dale O'Feennaghty
|
0-0: Foul Ball, location: 2F 0-1: Swinging Strike 0-2: Strikes out looking
|
Batting: RHB Jorge Fuentes
|
0-0: SINGLE (Line Drive, 56D) Kieran Farris to second
|
Batting: RHB Sadao Kato
|
0-0: Called Strike 0-1: Ball 1-1: Foul Ball, location: 2F 1-2: Strikes out swinging
|
Batting: RHB Peyton Pennington
|
0-0: Swinging Strike 0-1: Ball 1-1: Ball 2-1: Ball 3-1: Swinging Strike 3-2: Base on Balls Kieran Farris to third Jorge Fuentes to second
|
Batting: RHB Dave O'Neill
|
0-0: Called Strike 0-1: Swinging Strike 0-2: Fly out, F9 (Flyball, 9LMF)
|
Top of the 6th over - 0 run(s), 1 hit(s), 0 error(s), 3 left on base; Memphis 7 - Wichita 4 |
BOTTOM OF THE 6TH |
Wichita Wranglers batting - Pitching for Memphis Blues : RHP Jack Taylor
|
Batting: RHB Javier Coronado
|
0-0: Ball 1-0: Ball 2-0: Ball 3-0: Base on Balls
|
Batting: LHB Mario Cornelo
|
0-0: Foul Ball, location: 2F 0-1: Ball 1-1: Ball 2-1: Foul Ball, location: 2F 2-2: Fly out, F9 (Flyball, 9M)
|
Batting: RHB Jim Beck
|
0-0: Called Strike 0-1: Ball 1-1: Ball 2-1: Foul Ball, location: 2F 2-2: Strikes out swinging
|
Batting: RHB Cho-yun Qiao
|
0-0: Swinging Strike 0-1: Called Strike 0-2: Strikes out swinging
|
Bottom of the 6th over - 0 run(s), 0 hit(s), 0 error(s), 1 left on base; Memphis 7 - Wichita 4 |
TOP OF THE 7TH |
Memphis Blues batting - Pitching for Wichita Wranglers : LHP Tommy Campbell
|
Batting: RHB John Phillips
|
0-0: Called Strike 0-1: Fly out, F9 (Flyball, 9LM)
|
Batting: LHB Félix García
|
0-0: Foul Ball, location: 2F 0-1: Ball 1-1: Ball 2-1: Ball 3-1: Base on Balls
|
Batting: RHB Raúl Perales
|
0-0: Ball 1-0: Ball 2-0: Ball 3-0: Called Strike 3-1: Ground out 5-3 (Groundball, 5S) Félix García to second
|
Batting: LHB Kieran Farris
|
0-0: Called Strike 0-1: Ball 1-1: Ball 2-1: Foul Ball, location: 2F 2-2: Ground out 4-3 (Groundball, 13)
|
Top of the 7th over - 0 run(s), 0 hit(s), 0 error(s), 1 left on base; Memphis 7 - Wichita 4 |
BOTTOM OF THE 7TH |
Wichita Wranglers batting - Pitching for Memphis Blues : RHP Jack Taylor
|
Pitching: LHP Robert Flannery
|
|
Batting: RHB Anthony Rucker
|
0-0: Called Strike 0-1: Ball 1-1: Ball 2-1: Ground out 4-3 (Groundball, 4)
|
Batting: LHB Tom Robinson
|
0-0: Ball 1-0: Fly out, F8 (Flyball, 89D)
|
Batting: RHB Bob Hall
|
0-0: Foul Ball, location: 2F 0-1: Ball 1-1: Swinging Strike 1-2: Strikes out swinging
|
Bottom of the 7th over - 0 run(s), 0 hit(s), 0 error(s), 0 left on base; Memphis 7 - Wichita 4 |
TOP OF THE 8TH |
Memphis Blues batting - Pitching for Wichita Wranglers : LHP Tommy Campbell
|
Pitching: RHP Tom Long
|
|
Batting: RHB Dale O'Feennaghty
|
0-0: Ball 1-0: Ball 2-0: Called Strike 2-1: Ball 3-1: Foul Ball, location: 2F 3-2: Foul Ball, location: 2F 3-2: Strikes out looking
|
Batting: RHB Jorge Fuentes
|
0-0: Ball 1-0: DOUBLE (Flyball, 89M)
|
Batting: RHB Sadao Kato
|
0-0: Ball Passed Ball! Jorge Fuentes to third 1-0: SINGLE (Groundball, 6M) Jorge Fuentes scores
|
Batting: RHB Peyton Pennington
|
0-0: Ball 1-0: Ball 2-0: Called Strike 2-1: Swinging Strike 2-2: Strikes out swinging
|
Batting: RHB Dave O'Neill
|
0-0: Called Strike 0-1: Ball 1-1: Ball Wild Pitch! Sadao Kato to second 2-1: Intentional Walk
|
Batting: RHB John Phillips
|
0-0: Called Strike 0-1: Foul Ball, location: 2F 0-2: SINGLE (Groundball, 25) (infield hit) Sadao Kato to third Dave O'Neill to second
|
Batting: LHB Félix García
|
0-0: Ball 1-0: Called Strike 1-1: Foul Ball, location: 2F 1-2: Strikes out swinging
|
Top of the 8th over - 1 run(s), 3 hit(s), 0 error(s), 3 left on base; Memphis 8 - Wichita 4 |
BOTTOM OF THE 8TH |
Wichita Wranglers batting - Pitching for Memphis Blues : LHP Robert Flannery
|
Batting: RHB George Clark
|
0-0: Called Strike 0-1: Ball 1-1: Called Strike 1-2: Ball 2-2: Ball 3-2: Base on Balls
|
Batting: RHB Kyle Nelson
|
0-0: Ball 1-0: Ball 2-0: Foul Ball, location: 2F 2-1: Ball 3-1: Foul Ball, location: 2F 3-2: Base on Balls George Clark to second
|
Pitching: LHP Octávio Pérez
|
|
Batting: RHB Javier Coronado
|
0-0: Called Strike 0-1: Foul Ball, location: 2F 0-2: Ball 1-2: Foul Ball, location: 2F 1-2: DOUBLE (Line Drive, 89D) George Clark scores Kyle Nelson to third
|
Batting: LHB Mario Cornelo
|
0-0: Ball 1-0: Called Strike 1-1: Ball 2-1: Ball 3-1: Swinging Strike 3-2: Base on Balls
|
Batting: RHB Jim Beck
|
0-0: Ball 1-0: TRIPLE (Line Drive, 8LM) Kyle Nelson scores Javier Coronado scores Mario Cornelo scores
|
Batting: RHB Cho-yun Qiao
|
0-0: Intentional Walk
|
Pinch Hitting: RHB Jesús Ibarra
|
0-0: Foul Ball, location: 2F 0-1: Ball 1-1: Ball 2-1: Swinging Strike 2-2: Strikes out looking
|
Batting: LHB Tom Robinson
|
0-0: Called Strike 0-1: Called Strike 0-2: Ball 1-2: Strikes out swinging
|
Batting: RHB Bob Hall
|
0-0: Ball 1-0: Swinging Strike 1-1: Ball 2-1: Fly out, F8 (Flyball, 8LXD)
|
Bottom of the 8th over - 4 run(s), 2 hit(s), 0 error(s), 2 left on base; Memphis 8 - Wichita 8 |
TOP OF THE 9TH |
Memphis Blues batting - Pitching for Wichita Wranglers : RHP Tom Long
|
Pitching: RHP Eric Hunt
|
|
Now in LF: Jesús Ibarra
|
|
Batting: RHB Raúl Perales
|
0-0: Ball 1-0: Ball 2-0: Called Strike 2-1: Ball 3-1: Swinging Strike 3-2: Fly out, F3 (Popup, 9LSF)
|
Batting: LHB Kieran Farris
|
0-0: Ball 1-0: Called Strike 1-1: Ball 2-1: Ball 3-1: Base on Balls
|
Pinch Hitting: RHB Dave Wookey
|
0-0: Ball 1-0: Swinging Strike 1-1: Ball 2-1: SINGLE (Groundball, 56) Kieran Farris to second
|
Batting: RHB Jorge Fuentes
|
0-0: Ball 1-0: Ball 2-0: Ball 3-0: Base on Balls Kieran Farris to third Dave Wookey to second
|
Batting: RHB Sadao Kato
|
0-0: Ball 1-0: Swinging Strike 1-1: Ball 2-1: Ball 3-1: Swinging Strike 3-2: Foul Ball, location: 2F 3-2: Foul Ball, location: 2F 3-2: Base on Balls Kieran Farris scores Dave Wookey to third Jorge Fuentes to second
|
Pinch Hitting: LHB Arturo Rivera
|
0-0: Called Strike 0-1: Swinging Strike 0-2: Strikes out swinging
|
Pitching: RHP Dave Grant
|
|
Batting: RHB Dave O'Neill
|
0-0: Ball 1-0: Swinging Strike 1-1: Swinging Strike 1-2: Foul Ball, location: 2F 1-2: Foul Ball, location: 2F 1-2: Ball 2-2: Ball 3-2: Base on Balls Dave Wookey scores Jorge Fuentes to third Sadao Kato to second
|
Pinch Hitting: RHB Bob Orr
|
0-0: Ball 1-0: Ball 2-0: Ball 3-0: Called Strike 3-1: Base on Balls Jorge Fuentes scores Sadao Kato to third Dave O'Neill to second
|
Batting: LHB Félix García
|
0-0: Ground out 4-3 (Groundball, 4)
|
Top of the 9th over - 3 run(s), 1 hit(s), 0 error(s), 3 left on base; Memphis 11 - Wichita 8 |
BOTTOM OF THE 9TH |
Wichita Wranglers batting - Pitching for Memphis Blues : LHP Octávio Pérez
|
Pitching: RHP Lorenzo Diéguez
|
|
Now at C: Elliott Rucker
|
|
Now at 3B: Iván García
|
|
Now at SS: Brent Crawford
|
|
Now in LF: Dave Wookey
|
|
Batting: RHB George Clark
|
0-0: Called Strike 0-1: Foul Ball, location: 2F 0-2: Ball 1-2: Ball 2-2: DOUBLE (Groundball, 5L)
|
Batting: RHB Kyle Nelson
|
0-0: Ball 1-0: Ball 2-0: Called Strike 2-1: Foul Ball, location: 2F 2-2: Ball 3-2: Ground out 6-3 (Groundball, 6)
|
Batting: RHB Javier Coronado
|
0-0: Ball 1-0: Ball 2-0: Ball Wild Pitch! George Clark to third 3-0: Called Strike 3-1: Fly out, F7 (Flyball, 7M) Runner from 3rd tags up, SCORES, throw made
|
Batting: LHB Mario Cornelo
|
0-0: Called Strike 0-1: Ball 1-1: Fly out, F9 (Flyball, 9M)
|
Bottom of the 9th over - 1 run(s), 1 hit(s), 0 error(s), 0 left on base; Memphis 11 - Wichita 9 |
|